 Dungeon Crawl Stone Soup version 0.18-a0-1784-ga939a68 (webtiles) character file.

37 Murumi the Shield-Bearer (level 3, 0/29 HPs)
             Began as a Formicid Fighter on Apr 18, 2016.
             Slain by an adder (1 damage)
             ... on level 2 of the Dungeon.
             The game lasted 00:08:03 (1633 turns).

Murumi the Shield-Bearer (Formicid Fighter)         Turns: 1633, Time: 00:08:04

Health: 0/29       AC:  6    Str: 21    XL:     3   Next: 62%
Magic:  3/3        EV: 13    Int:  7    God:
Gold:   73         SH: 10    Dex: 15    Spells: 0 memorised, 2 levels left

rFire  . . .     SeeInvis +     f - -3 hunting sling (curse)
rCold  . . .     Gourm    .     b - +0 scale mail
rNeg   . . .     Faith    .     c - +0 shield
rPois  .         Spirit   .     (helmet unavailable)
rElec  .         Dismiss  .     (no cloak)
rCorr  .         Reflect  .     (no gloves)
SustAt .         Harm     .     (no boots)
MR     .....                    h - amulet of inaccuracy (curse)
Stlth  +.........               (no ring)
                                (no ring)

@: agile, lethally poisoned (0 -> -8), flying, not resistant to hostile
enchantments, very unstealthy
A: permanent stasis, dig shafts and tunnels, four strong arms, antennae 3
a: Dig, Shaft Self


You were on level 2 of the Dungeon.
You were not hungry.

You visited 1 branch of the dungeon, and saw 2 of its levels.

You collected 73 gold pieces.

Inventory:

Hand Weapons
 e - a +0 long sword
 f - a cursed -3 hunting sling (weapon)
Armour
 b - a +0 scale mail (worn)
 c - a +0 shield (worn)
Jewellery
 h - a cursed amulet of inaccuracy (around neck)
Scrolls
 g - a scroll of identify {unknown}
Potions
 d - a potion of might
Comestibles
 i - 3 bread rations


   Skills:
 - Level 3.2 Fighting
 - Level 3.0 Long Blades
 + Level 1.3 Slings
 - Level 3.2 Armour
 - Level 4.1 Shields


You had 2 spell levels left.
You didn't know any spells.

Dungeon Overview and Level Annotations

Branches:
Dungeon (2/15)

Altars:


Innate Abilities, Weirdness & Mutations

You are under a permanent stasis effect.
You can dig through walls and to a lower floor.
Your four strong arms can wield two-handed weapons with a shield.
You have a pair of large antennae on your head (SInv).


Message History

You are more poisoned.
The adder poisons you!
Drink which item? (? for menu, Esc to quit)
It was a potion of flight.
You feel very buoyant.
You fly up into the air.
* * * LOW HITPOINT WARNING * * *
You feel sick. The adder bites you but does no damage.
Drink which item? (? for menu, Esc to quit)
It was a potion of agility.
You feel agile all of a sudden.
* * * LOW HITPOINT WARNING * * *
You feel sick. You block the adder's attack. x2
Firing (i - inventory):
j - a stone (quivered)
Press: ? - help, Shift-Dir - straight line, f/p - adder
Aim: an adder You shoot a stone.
The stone barely misses the adder.
* * * LOW HITPOINT WARNING * * *
You feel sick. The adder bites you.
You die...

#. .# #. . #.#. #...
#..# #####..##
#....... #.# #....#
#.# # #. #@# # # #.#
### #.#(##S####.###.#
#..
###....#.#(.......#
#.# ...........# #..#
#.# ##.#...#...#
#..####.#
##.##...#####.)...#.#
#. #.#..>....####..#
# #(#..###..#####.#
.(#..(<.........#


You could see an adder.

Vanquished Creatures
  A worm (D:2)
  A dart slug (D:1)
  A giant gecko (D:1)
  2 bats (D:1)
  2 goblins (D:1)
  8 hobgoblins
  5 jackals (D:1)
  2 kobolds (D:1)
  A giant newt (D:1)
  3 rats (D:1)
26 creatures vanquished.

Notes
Turn   | Place    | Note
--------------------------------------------------------------
     0 | D:1      | Murumi the Formicid Fighter began the quest for the Orb.
     0 | D:1      | Reached XP level 1. HP: 18/18 MP: 1/1
    57 | D:1      | Reached skill level 4 in Shields
    61 | D:1      | Reached XP level 2. HP: 13/24 MP: 2/2
   353 | D:1      | Reached XP level 3. HP: 26/29 MP: 3/3
   662 | D:1      | Reached skill level 1 in Slings
   732 | D:2      | Found a faded altar to an unknown god.
  1633 | D:2      | HP: 1/29 [poisoned by an adder]
  1633 | D:2      | Slain by an adder

Vault maps used:
D:1:      dpeg_arrival_pits
D:2:      first_bread, ecumenical_altar_2

Skill      XL: |  1  2  3 |
---------------+----------+-----
Shields        | 4 |  4.1
Long Blades    | 3 |  3.0
Slings         | 1 |  1.3
Fighting       | |  3.2
Armour         | |  3.2

Action                   || total
-------------------------++-------
Melee: Long sword        ||    94
       Hunting sling     ||    19
 Fire: Hunting sling     ||   102
 Abil: Dig               ||     2
  Use: Scroll            ||     5
       Potion            ||     2
  Eat: Chunk             ||     3
Armor: Scale mail        ||    59
Dodge: Dodged            ||    53
Block: Shield            ||    85
